 Dungeon Crawl Stone Soup version 0.23.2-40-g277498a001 (webtiles) character file.

Game seed: 17095556141099331527

3923 FishyPogo the Reanimator (level 10, -3/111 HPs)
             Began as a Human Necromancer on Sept 12, 2019.
             Was an Elder of Nemelex Xobeh.
             Killed by divine providence
             ... invoked by an orc priest
              (13 damage)
             ... on level 9 of the Dungeon on Sept 13, 2019.
             The game lasted 01:20:05 (10344 turns).

FishyPogo the Reanimator (Human Necromancer)       Turns: 10344, Time: 01:20:05

Health: -3/111     AC: 25    Str:  6 (8)  XL:     10   Next: 44%
Magic:  15/17      EV:  2    Int: 16 (19) God:    Nemelex Xobeh [****..]
Gold:   290        SH:  4    Dex: 16 (18) Spells: 2/19 levels left

rFire    . . .     SeeInvis .   b - +6 dagger (drain)
rCold    . . .     Gourm    .   G - +0 buckler
rNeg     + + +     Faith    .   (armour currently unavailable)
rPois    +         Spirit   .   (helmet currently unavailable)
rElec    .         Reflect  .   (cloak currently unavailable)
rCorr    .         Harm     .   (gloves currently unavailable)
MR       +....     Clarity  +   (boots currently unavailable) Stlth ++........NoTele +
                                (no amulet)
HPRegen  0.28/turn              t - +4 ring of dexterity
MPRegen  0.15/turn              C - ring of protection from magic

@: tree-form
A: clarity, MP-powered wands
a: Draw Escape, Draw Destruction, Draw Summoning, Triple Draw, Deal Four,
Renounce Religion


You were on level 9 of the Dungeon.
You worshipped Nemelex Xobeh.
Nemelex Xobeh was greatly pleased with you.
You were not hungry.
You were a tree.
You visited 1 branch of the dungeon, and saw 9 of its levels.

You collected 402 gold pieces.
You spent 112 gold pieces at shops.

Inventory:

Hand Weapons
 a - the +3 dagger "Wimatz" {pierce, SInv}
   (You found it on level 7 of the Dungeon)

   It inflicts extra damage upon your enemies.
   It lets you see invisible.
 b - a +6 dagger of draining (weapon)
Missiles
 e - 239 stones
 q - 8 tomahawks (quivered)
Armour
 d - a +0 robe
 l - a +3 leather armour
 n - a +1 helmet
 y - a +0 leather armour of fire resistance
 B - the +1 leather armour of the Griffon (melded) {*Drain Int+6 Slay-4 Stlth+}
   (You found it on level 7 of the Dungeon)

   It affects your intelligence (+6).
   It affects your accuracy and damage with ranged weapons and melee attacks
   (-4).
   It causes draining when unequipped.
   It makes you more stealthy.
 G - a +0 buckler (worn)
 H - a +2 leather armour of cold resistance
Jewellery
 j - an uncursed ring of fire
 t - a +4 ring of dexterity (left branch)
 A - an uncursed ring of positive energy
 C - a ring of protection from magic (right branch)
Wands
 w - a wand of flame (11)
Scrolls
 f - 3 scrolls of fog
 k - 2 scrolls of blinking
 o - 2 scrolls of teleportation
 r - 7 scrolls of identify
 s - a scroll of magic mapping
 u - 2 scrolls of immolation
 x - 5 scrolls of remove curse
 D - a scroll of enchant weapon
 F - a scroll of silence {unknown}
Potions
 g - a potion of invisibility
 h - 7 potions of curing
 i - a potion of resistance
 m - 2 potions of agility
 p - 3 potions of heal wounds
 v - 2 potions of might
 Z - a potion of lignification
Comestibles
 c - 13 rations
 z - 4 chunks of flesh


   Skills:
 - Level 5.0 Fighting
 + Level 2.2 Short Blades
 * Level 3.8 Armour
 - Level 5.6 Dodging
 - Level 3.0 Stealth
 * Level 0.3 Shields
 - Level 0.2 Unarmed Combat
 + Level 5.2 Spellcasting
 * Level 8.9 Necromancy
 + Level 3.3 Ice Magic
 + Level 4.6 Invocations


You had 2 spell levels left.
You knew the following spells:

 Your Spells              Type           Power        Failure   Level  Hunger
a - Pain                  Necr           ####         1%          1    None
b - Freeze                Ice            ##..         6%          1    None
c - Vampiric Draining     Necr           ####......   1%          3    ###....
d - Animate Skeleton      Necr           N/A          1%          1    None
e - Animate Dead          Necr           N/A          6%          4    ####...
f - Malign Gateway        Summ/Tloc      #.........   100%        7    #######

Your spell library contained the following spells:

 Spells                   Type           Power        Failure   Level  Hunger
 Regeneration             Chrm/Necr      ###.......   12%         3    ###....
 Metabolic Englaciation   Hex/Ice        #.........   98%         5    ######.


Dungeon Overview and Level Annotations

Branches:
Dungeon (9/15)             Temple (0/1) D:6
   Lair: D:8-11         Orc: D:9-12

Altars:
Ashenzari
Gozag
Nemelex Xobeh
Qazlal
Wu Jian
Zin

Shops:
D:4 [   D:8 (?::

Annotations:
D:6 3 runed translucent doors, Voland's ghost, novice GrWz


Innate Abilities, Weirdness & Mutations

((You are partially covered in icy blue scales. (AC +2)))
((You are partially covered in molten scales. (AC +2)))
You possess an exceptional clarity of mind.
((You are covered in fur. (AC +1)))
You expend magic power (3 MP) to strengthen your wands.


Message History

The orc warrior completely misses you. You block the orc priest's attack.
Really quaff the potion of lignification?
Okay, then.
Really quaff the potion of lignification?
Uppercase [Y]es or [N]o only, please.
Really quaff the potion of lignification?
You turn into a tree.
The +1 leather armour of the Griffon {*Drain Int+6 Slay-4 Stlth+} melds into your body.
Your roots penetrate the ground.
You block the orc priest's attack.
The orc priest hits you but does no damage.
The orc warrior hits you with a +0 flail.
* * * LOW HITPOINT WARNING * * *
Some of the chunks of flesh in your inventory have rotted away.
You are too injured to fight recklessly!
You hit the orc priest.
You kill the orc priest!
The orc priest calls down the wrath of Beogh upon you.
Beogh smites you!
You die...
Your body disappears without a glow.

. #.......##.##...#..#.. ##
#....................
##.####.......#.......#..
......#.#.....##....#......
#..#............#...##.#.#..
.............#.#..)##...####
..............##....##.##
#.......#..%..........##
##.....##.o♣.....).....#
#.....#...o)........#.##
#...................###
.....................
#..#....!...........##
##...............#.#
#...........#.#....
#..<...............
##...............


You could see an orc warrior and an orc priest.

Vanquished Creatures
  2 ice beasts
  An orc warrior (D:5)
  A phantom (D:8)
  2 ogres
  A centaur (D:7)
  A big kobold (D:7)
  5 bullfrogs
  3 scorpions
  4 killer bees
  3 howler monkeys
  3 crimson imps
  A hound (D:4)
  A jelly (D:6)
  2 centaur skeletons
  6 orc priests
  4 orc wizards
  7 worker ants
  A howler monkey zombie (D:8)
  5 gnolls
  9 adders
  2 river rats (D:4)
  A shadow imp (D:7)
  3 oozes
  2 adder zombies
  2 worms
  3 dart slugs
  A leopard gecko (D:6)
  36 orcs
  4 giant cockroaches
  9 goblins
  6 hobgoblins
  9 jackals
  A quokka (D:5)
  A ball python (D:2)
  4 bats
  A frilled lizard (D:3)
  A jackal skeleton (D:4)
  13 kobolds
  15 rats
176 creatures vanquished.

Vanquished Creatures (collateral kills)
  A queen bee (D:8)
  A hippogriff (D:8)
  2 hungry ghosts
  A phantom (D:4)
  An ice beast (D:8)
  2 ogres (D:7)
  A bullfrog (D:8)
  A scorpion (D:7)
  11 killer bees (D:8)
  3 bullfrog skeletons
  A hound (D:4)
  2 jellies
  An orc priest (D:5)
  A gnoll shaman (D:8)
  2 orc wizards (D:7)
  3 worker ants
  An adder (D:8)
  4 gnolls (D:8)
  A shadow imp (D:8)
  An ooze (D:2)
  4 leopard geckos
  15 orcs
  A ball python (D:4)
  A quokka (D:8)
  A quokka skeleton (D:8)
63 creatures vanquished.

Vanquished Creatures (others)
  Joseph (D:6)
  A ball lightning (D:7)
  A plant (D:3)
3 creatures vanquished.

Grand Total: 242 creatures vanquished

Notes
Turn   | Place    | Note
-------+----------+-------------------------------------------
     0 | D:1      | FishyPogo the Human Necromancer began the quest for the
                  | Orb.
     0 | D:1      | Reached XP level 1. HP: 13/13 MP: 3/3
    15 | D:1      | Learned a level 1 spell: Animate Skeleton
   387 | D:1      | Reached XP level 2. HP: 12/19 MP: 0/5
   720 | D:1      | Reached XP level 3. HP: 11/24 MP: 4/6
   725 | D:1      | Learned a level 3 spell: Vampiric Draining
  1640 | D:2      | Reached XP level 4. HP: 31/31 MP: 7/7
  1720 | D:2      | Found a stormy altar of Qazlal.
  1733 | D:2      | Reached skill level 1 in Fighting
  2081 | D:2      | Found a glowing silver altar of Zin.
  2081 | D:2      | Found an opulent altar of Gozag.
  2626 | D:3      | Reached XP level 5. HP: 35/37 MP: 8/8
  2662 | D:3      | Found a sparkling altar of Nemelex Xobeh.
  2677 | D:3      | Became a worshipper of Nemelex Xobeh the Trickster
  2698 | D:3      | Received a gift from Nemelex Xobeh
  3108 | D:3      | Reached skill level 5 in Necromancy
  3184 | D:3      | Reached XP level 6. HP: 33/44 MP: 2/9
  3693 | D:4      | Noticed a phantom
  3703 | D:4      | Reached * piety under Nemelex Xobeh
  3726 | D:4      | Received a gift from Nemelex Xobeh
  3747 | D:4      | Learned a level 4 spell: Animate Dead
  3909 | D:4      | Reached XP level 7. HP: 39/52 MP: 2/11
  4009 | D:4      | Reached skill level 6 in Necromancy
  4471 | D:4      | Reached XP level 8. HP: 60/60 MP: 9/13
  4630 | D:4      | Found Fuim's Armour Boutique.
  4882 | D:4      | Received a gift from Nemelex Xobeh
  5199 | D:5      | Entered Level 5 of the Dungeon
  5202 | D:5      | Reached ** piety under Nemelex Xobeh
  5535 | D:5      | Found an opulent altar of Gozag.
  5535 | D:5      | Received a gift from Nemelex Xobeh
  5803 | D:5      | Reached skill level 1 in Invocations
  6236 | D:5      | Reached skill level 5 in Fighting
  6276 | D:6      | Reached *** piety under Nemelex Xobeh
  6294 | D:6      | Received a gift from Nemelex Xobeh
  6309 | D:6      | Reached skill level 7 in Necromancy
  6321 | D:6      | Identified the Incunabulum of Quantum Snow
  6325 | D:6      | Learned a level 1 spell: Freeze
  6406 | D:6      | Found a runed translucent gate.
  6407 | D:6      | Found a runed translucent gate.
  6408 | D:6      | Found a runed translucent gate.
  6408 | D:6      | Noticed Voland's ghost (novice GrWz)
  6555 | D:6      | Reached XP level 9. HP: 52/68 MP: 1/15
  6842 | D:6      | Found a staircase to the Ecumenical Temple.
  7123 | D:7      | Received a gift from Nemelex Xobeh
  7179 | D:7      | Noticed Joseph
  7185 | D:6      | Identified the +1 long sword "Ficous" {slice, +Blink Str+4}
  7187 | D:6      | Killed Joseph
  7187 | D:6      | Reached skill level 1 in Ice Magic
  7219 | D:7      | Found an ornate altar of the Wu Jian Council.
  7248 | D:7      | Got a polished leather armour
  7259 | D:7      | Identified the +1 leather armour of the Griffon {*Drain
                  | Int+6 Slay-4 Stlth+} (You found it on level 7 of the
                  | Dungeon)
  7299 | D:7      | Found a shattered altar of Ashenzari.
  7318 | D:7      | Got an ivory dagger
  7319 | D:7      | Identified the +3 dagger "Wimatz" {pierce, SInv} (You found
                  | it on level 7 of the Dungeon)
  7492 | D:7      | Reached skill level 1 in Armour
  7492 | D:7      | Reached skill level 8 in Necromancy
  7704 | D:7      | Reached skill level 5 in Dodging
  8174 | D:7      | Received a gift from Nemelex Xobeh
  8222 | D:7      | Reached **** piety under Nemelex Xobeh
  8878 | D:7      | Gained mutation: You expend magic power (3 MP) to
                  | strengthen your wands. [potion of mutation]
  8878 | D:7      | Gained mutation: You are covered in fur. (AC +1) [potion of
                  | mutation]
  8879 | D:7      | Lost mutation: You expend magic power (3 MP) to strengthen
                  | your wands. [potion of mutation]
  8879 | D:7      | Lost mutation: You are covered in fur. (AC +1) [potion of
                  | mutation]
  8879 | D:7      | Gained mutation: You are partially covered in icy blue
                  | scales. (AC +2) [potion of mutation]
  8879 | D:7      | Gained mutation: Your spells are a little easier to cast,
                  | but a little less powerful. [potion of mutation]
  8879 | D:7      | Gained mutation: You have a pair of small horns on your
                  | head. [potion of mutation]
  8881 | D:7      | Lost mutation: You are partially covered in icy blue
                  | scales. (AC +2) [potion of mutation]
  8881 | D:7      | Lost mutation: You have a pair of small horns on your head.
                  | [potion of mutation]
  8881 | D:7      | Gained mutation: You have sharp toenails. [potion of
                  | mutation]
  8881 | D:7      | Gained mutation: You are partially covered in icy blue
                  | scales. (AC +2) [potion of mutation]
  8881 | D:7      | Gained mutation: Your magical capacity is low. (-10% MP)
                  | [potion of mutation]
  8881 | D:7      | Gained mutation: You are partially covered in molten
                  | scales. (AC +2) [potion of mutation]
  8882 | D:7      | Lost mutation: Your magical capacity is low. (-10% MP)
                  | [potion of mutation]
  8882 | D:7      | Lost mutation: Your spells are a little easier to cast, but
                  | a little less powerful. [potion of mutation]
  8882 | D:7      | Lost mutation: You have sharp toenails. [potion of
                  | mutation]
  8882 | D:7      | Gained mutation: You possess an exceptional clarity of
                  | mind. [potion of mutation]
  8882 | D:7      | Gained mutation: You are covered in fur. (AC +1) [potion of
                  | mutation]
  8882 | D:7      | Gained mutation: You expend magic power (3 MP) to
                  | strengthen your wands. [potion of mutation]
  9101 | D:8      | Found Ishamupp's Magic Scroll Shop.
  9101 | D:8      | Found Vajis's Antique Weapon Shop.
  9172 | D:8      | Reached skill level 1 in Short Blades
  9172 | D:8      | Reached XP level 10. HP: 72/74 MP: 7/17
  9306 | D:8      | Bought a scroll of remove curse for 48 gold pieces
  9306 | D:8      | Bought 2 scrolls of identify for 64 gold pieces
  9335 | D:8      | Found Segaitz's Book Shop.
  9336 | D:8      | Found Fafets's Book Shop.
  9451 | D:8      | Learned a level 7 spell: Malign Gateway
  9628 | D:8      | Received a gift from Nemelex Xobeh
  9635 | D:8      | Noticed an ice devil
  9666 | D:8      | Reached skill level 5 in Spellcasting
 10254 | D:9      | Received a gift from Nemelex Xobeh
 10344 | D:9      | Killed from afar by an orc priest

Skill      XL: |  1  2  3  4  5  6  7  8  9 10 |
---------------+-------------------------------+-----
Fighting       | 1 2 3 4 5 |  5.0
Necromancy     | 5 6 7 8 |  8.9
Stealth        | 3 |  3.0
Dodging        | 3 4 5 |  5.6
Spellcasting   | 3 4 5 |  5.2
Invocations    | 2 4 |  4.6
Ice Magic      | 2 3 |  3.3
Armour         | 2 3 |  3.8
Short Blades   | 1 2 |  2.2
Shields        | |  0.3
Unarmed Combat | |  0.2

Action                   |  1- 3 |  4- 6 |  7- 9 | 10-12 || total
-------------------------+-------+-------+-------+-------++-------
Melee: Unarmed           |    10 |       |       |       ||    10
       Dagger            |    64 |    67 |    59 |    77 ||   267
       Flail             |       |    47 |   129 |       ||   176
       Punch             |       |       |       |     1 ||     1
Throw: Stone             |     4 |       |    14 |       ||    18
 Cast: Pain              |    28 |    12 |    78 |    35 ||   153
       Animate Skeleton  |    10 |     9 |    20 |     6 ||    45
       Vampiric Draining |     7 |    18 |    32 |     9 ||    66
       Animate Dead      |       |       |     1 |     5 ||     6
       Freeze            |       |       |    31 |    16 ||    47
 Abil: Draw Escape       |       |     1 |     2 |       ||     3
       Draw Destruction  |       |       |    16 |       ||    16
       Draw Summoning    |       |       |    11 |     5 ||    16
  Use: Scroll            |       |       |    12 |     4 ||    16
       Potion            |       |       |     5 |     3 ||     8
 Stab: Sleeping          |     6 |     7 |     6 |     1 ||    20
       Petrified         |       |       |     8 |       ||     8
       Distracted        |       |       |       |     1 ||     1
       Fleeing           |       |       |       |     1 ||     1
  Eat: Chunk             |     4 |     8 |    18 |     5 ||    35
       Ration            |       |       |     1 |       ||     1
Armor: Robe              |    13 |    12 |       |       ||    25
       Leather armour    |       |     7 |    81 |    31 ||   119
       Skin              |       |       |       |     1 ||     1
Dodge: Dodged            |    43 |    62 |   192 |    87 ||   384
Block: Buckler           |       |       |       |    11 ||    11
